 Dungeon Crawl Stone Soup version 0.30.1-3-gfc49f6343a (webtiles) character file.

Game seed: 18022285843580377779

1736 wolfrpgdude the Chopper (level 9, -2/80 HPs)
             Began as a Hill Orc Fighter on Aug 2, 2023.
             Was a Follower of Okawaru.
             Slain by a gnoll
             ... wielding a +0 flail
             ... led by a gnoll sergeant
              (4 damage)
             ... on level 5 of the Dungeon.
             The game lasted 00:09:58 (6038 turns).

wolfrpgdude the Chopper (Hill Orc Fighter)          Turns: 6038, Time: 00:09:58

Health: -2/80      AC:  7    Str: 22 (23) XL:     9   Next: 5%
Magic:  9/9        EV: 11    Int:  6 (8)  God:    Okawaru [*.....]
Gold:   369        SH:  5    Dex:  8 (10) Spells: 8/8 levels left

rFire   . . .        y - +3 quarterstaff (chaos)
rCold   . . .        (shield currently unavailable)
rNeg    . . .        t - +1 leather armour {Will+}
rPois   .            (no helmet)
rElec   .            z - +1 cloak
rCorr   .            (no gloves)
SInv    .            (no boots)
Will    +....        p - amulet of reflection
Stlth   +            s - +4 ring of slaying
HPRegen 0.33/turn    (no ring)
MPRegen 0.11/turn

%: reflection
@: no status effects
A: no striking features
a: Renounce Religion, Heroism


You were on level 5 of the Dungeon.
You worshipped Okawaru.
Okawaru was aware of your devotion.
You visited 2 branches of the dungeon, and saw 7 of its levels.
You also visited: Sewer.

You collected 369 gold pieces.

Inventory:

Hand Weapons
 y - a +3 quarterstaff of chaos (weapon)
Armour
 t - a +1 leather armour of willpower (worn)
 z - a +1 cloak (worn)
Jewellery
 p - an amulet of reflection (around neck)
 s - a +4 ring of slaying (left hand)
Scrolls
 b - a scroll of blinking
 c - a scroll of amnesia
 e - 2 scrolls of immolation
 i - a scroll of silence
 m - 2 scrolls of fear
 o - 4 scrolls of teleportation
 r - 2 scrolls of fog
Potions
 d - a potion of might
 f - 3 potions of curing
 g - 2 potions of cancellation
 h - 3 potions of flight
 j - a potion of attraction {unknown}
 k - a potion of ambrosia
 l - a potion of heal wounds {unknown}
 q - a potion of resistance {unknown}
 v - a potion of brilliance {unknown}
 w - a potion of berserk rage {unknown}
 x - 2 potions of lignification


   Skills:
 + Level 7.7 Fighting
 + Level 7.8 Axes
 + Level 6.9 Armour
 + Level 7.0 Shields


You had 8 spell levels left.
You didn't know any spells.
Your spell library contained the following spells:

 Spells                   Type           Power      Damage    Failure   Level
 Magic Dart               Conj           0%         1d3       50%         1
 Mephitic Cloud           Conj/Pois/Air  0%         N/A       86%         3
 Vhi's Electric Charge    Tloc/Air       0%         N/A       86%         3
 Passage of Golubria      Tloc           0%         N/A       99%         4
 Arcjolt                  Conj/Air       0%         1d10      100%        5
 Yara's Violent Unravell  Hex/Tmut       0%         3d3       100%        5
 Plasma Beam              Fire/Air       0%         2x1d11    100%        6
 Call Imp                 Summ           Unusable   N/A       N/A         2
 Tukima's Dance           Hex            Unusable   N/A       N/A         3

Dungeon Overview and Level Annotations

Branches:
Dungeon (6/15)             Temple (1/1) D:5           Sewer (visited)

Altars:
Ashenzari
Cheibriados
Dithmenos
Elyvilon
Fedhas
Gozag
Hepliaklqana
Kikubaaqudgha
Makhleb
Nemelex Xobeh
Okawaru
Qazlal
Ru
Sif Muna
Trog
Uskayaw
Vehumet
Wu Jian
Xom
Yredelemnul
Zin
The Shining One

Shops:
D:3 [


Message History

There is a stone staircase leading down here.
You hit the black bear. You drain the black bear.
The black bear is severely wounded.
The black bear bites you but does no damage.
The black bear claws you but does no damage.
The black bear closely misses you. You block the gnoll's attack.
Something hits you but does no damage.
Deactivating autopickup; reactivate with Ctrl-A.
The black bear bites you but does no damage.
The black bear claws you. The black bear barely misses you.
The gnoll hits you with a +0 flail!
* * * LOW HITPOINT WARNING * * *
Something hits you but does no damage.
You sock the black bear!
You kill the black bear!
Okawaru accepts your kill. The gnoll barely misses you.
A sky beast appears from thin air!
Reactivating autopickup.
The sky beast misses you.
You feel your dexterity returning.
Your Shields skill increases to level 7!
You have reached level 9!
Your experience leads to an increase in your attributes!
Your base attributes are Str 21, Int 8, Dex 10.
Increase (S)trength, (I)ntelligence, or (D)exterity?
You feel stronger. x2
You closely miss the sky beast. The gnoll hits you with a +0 flail.
* * * LOW HITPOINT WARNING * * *
The sky beast barely misses you.
You sock the sky beast!
The sky beast is moderately wounded.
The gnoll hits you with a +0 flail!
* * * LOW HITPOINT WARNING * * *
The sky beast hits you but does no damage.
You block the gnoll's attack. The sky beast hits you.
* * * LOW HITPOINT WARNING * * *
The sky beast shocks you.
* * * LOW HITPOINT WARNING * * *
The gnoll attacks as you move away! The gnoll hits you with a +0 flail.
You die...

.............# #.#
#####.##.....# #.# ..#
#.##.....# #.# ..#
#..+.....# #.# ..#
####.....# ##.# ..#
###...# #..# ..#
#...###'##### ###
##..........# #
#####...Y@....# #####
#.......>g....# ....#
#.............# ....#
#.......####### ....##
###'##.......# .....#
#.##.#####<#
##รท..#####.##.#####.#
........##.##.#.....#
#######.##.##.#.#####


You could see a sky beast and a gnoll.

Vanquished Creatures
  A blink frog (shapeshifter) (D:6)
  Sigmund (D:4)
  Eustachio (D:4)
  Menkaure (D:4)
  2 ice beasts
  A black bear (D:5)
  An ogre (D:6)
  A phantom (D:5)
  2 bullfrogs
  A scorpion (D:5)
  A hound (D:6)
  Crazy Yiuf (D:4)
  A gnoll bouda (D:4)
  Natasha (D:3)
  3 orc wizards (D:4)
  7 gnolls
  12 adders
  A white imp (D:6)
  An ufetubus (D:5)
  2 worms (D:2)
  4 dart slugs
  7 orcs
  9 ball pythons
  8 bats
  9 endoplasms
  24 giant cockroaches
  8 goblins
  7 hobgoblins
  5 kobolds
  11 quokkas
  8 frilled lizards
  8 rats
150 creatures vanquished.

Notes
Turn   | Place    | Note
-------+----------+-------------------------------------------
     0 | D:1      | wolfrpgdude the Hill Orc Fighter began the quest for the
                  | Orb.
     0 | D:1      | Reached XP level 1. HP: 19/19 MP: 1/1
    92 | D:1      | Reached XP level 2. HP: 26/27 MP: 2/2
   276 | D:1      | Reached XP level 3. HP: 33/33 MP: 3/3
   632 | D:1      | Found a faded altar of an unknown god.
  1420 | D:2      | Reached XP level 4. HP: 34/40 MP: 4/4
  1993 | D:3      | Found a broken altar of Ashenzari.
  2178 | D:3      | Found a glowing drain.
  2210 | Sewer    | Entered a sewer
  2365 | Sewer    | Reached XP level 5. HP: 47/47 MP: 5/5
  2630 | Sewer    | Reached skill level 5 in Fighting
  2630 | Sewer    | Reached XP level 6. HP: 43/56 MP: 6/6
  2869 | D:3      | Found a bloodstained altar of Trog.
  3089 | D:3      | Noticed Natasha
  3095 | D:3      | Killed Natasha
  3324 | D:3      | Found Yngism's Armour Boutique.
  3641 | D:4      | Noticed Eustachio
  3667 | D:4      | Killed Eustachio
  3668 | D:4      | Reached skill level 5 in Axes
  3668 | D:4      | Reached skill level 5 in Armour
  3668 | D:4      | Reached skill level 5 in Shields
  3668 | D:4      | Reached XP level 7. HP: 5/61 MP: 7/7
  3905 | D:4      | Noticed Menkaure
  3913 | D:4      | Killed Menkaure
  4175 | D:4      | Found a runed translucent door.
  4176 | D:4      | Noticed Crazy Yiuf
  4181 | D:4      | Killed Crazy Yiuf
  4378 | D:4      | Noticed Sigmund
  4382 | D:4      | Killed Sigmund
  4383 | D:4      | Reached XP level 8. HP: 71/71 MP: 8/8
  4710 | D:5      | Entered Level 5 of the Dungeon
  4864 | D:5      | Found a staircase to the Ecumenical Temple.
  4887 | Temple   | Entered the Ecumenical Temple
  4894 | Temple   | Became a worshipper of Warmaster Okawaru
  5267 | D:5      | Found a sparkling altar of Nemelex Xobeh.
  5267 | D:5      | Found a shimmering altar of Xom.
  5526 | D:6      | Reached * piety under Okawaru
  5530 | D:6      | a black bear changed into a shapeshifter
  5530 | D:6      | Noticed a shapeshifter (shapeshifter)
  5530 | D:6      | a shapeshifter changed into a blink frog
  5530 | D:6      | Noticed a blink frog (shapeshifter)
  5545 | D:6      | Killed a blink frog
  6035 | D:5      | Reached XP level 9. HP: 21/80 MP: 9/9
  6036 | D:5      | HP: 2/80 [sky beast (6)]
  6038 | D:5      | Slain by a gnoll

Illustrated notes

Levels and vault maps discovered:
D:1:      lemuel_arrival_cross, layout_loops_ring,
          shapermc_ecumenical_altar_mp_vishouse, minmay_misc_feat_alley,
          chequers_serial_rivers_room_b, minmay_tall_x
D:2:      layout_basic, minmay_misc_feat_doors, st_stairs_8,
          minmay_splitting_lines
D:3:      minmay_roachtagon, layout_basic, ashenzari_conservatory_becter,
          mainiacjoe_overflow_catwalk, serial_shops, shop,
          gup_sewer_entry_glass, uniq_natasha
D:4:      layout_loops_corners, uniq_eustachio, uniq_menkaure, uniq_sigmund,
          uniq_crazy_yiuf_cottage
D:5:      layout_basic, gammafunk_temple_overflow_wave,
          minmay_temple_entry_statues_pillars
D:6:      layout_cave_pools
Temple:   nicolae_temple_no_exploring_needed

Skill      XL: |  1  2  3  4  5  6  7  8 |
---------------+-------------------------+-----
Axes           | 3 4 5 6 7 |  7.8
Fighting       | 4 5 6 7 |  7.7
Armour         | 4 5 6 |  6.9
Shields        | 4 5 7 |  7.0

Action                     |  1- 3 |  4- 6 |  7- 9 || total
---------------------------+-------+-------+-------++-------
  Melee: War axe           |   116 |   204 |    38 ||   358
         Quarterstaff      |       |       |    76 ||    76
    Use: Scroll            |     9 |     2 |     3 ||    14
         Potion            |       |     1 |     1 ||     2
 Armour: Scale mail        |    59 |    44 |       ||   103
         Leather armour    |       |    10 |    46 ||    56
  Dodge: Dodged            |    57 |    63 |    78 ||   198
  Block: Buckler           |    34 |   101 |    16 ||   151
         Reflection        |       |     3 |     1 ||     4
         Other             |       |       |    21 ||    21
